 Dungeon Crawl Stone Soup version 0.28.0-45-g0d030f2227 (webtiles) character file.

Game seed: 2233520660505996149

52 brightshaft the Slasher (level 3, -1/35 HPs)
             Began as a Gnoll Cinder Acolyte on Apr 17, 2022.
             Was a High Priest of Ignis.
             Succumbed to a water moccasin's poison
             ... on level 4 of the Dungeon.
             The game lasted 00:02:11 (2131 turns).

brightshaft the Slasher (Gnoll Cinder Acolyte)      Turns: 2131, Time: 00:02:11

Health: -1/35      AC:  2    Str: 13    XL:     3   Next: 85%
Magic:  2/7        EV: 11    Int: 15    God:    Ignis [*****.]
Gold:   100        SH:  0    Dex:  7    Spells: 5/7 levels left

rFire   + . .      SeeInvis .   a - -1 falchion (flame)
rCold   . . .      Faith    .   (no shield)
rNeg    . . .      Spirit   .   b - +0 robe
rPois   .          Reflect  .   (no helmet)
rElec   .          Harm     .   (no cloak)
rCorr   .          Rampage  .   (no gloves)
Will    .....                   (no boots)
Stlth   +.........              (no amulet)
HPRegen 0.11/turn               (no ring)
MPRegen 0.10/turn               (no ring)

@: lethally poisoned (-1 -> -10)
A: fangs 1, strong nose, distributed training
a: Renounce Religion, Fiery Armour, Foxfire Swarm, Rising Flame


You were on level 4 of the Dungeon.
You worshipped Ignis.
Ignis was extremely pleased with you.
You visited 1 branch of the dungeon, and saw 4 of its levels.

You collected 100 gold pieces.

Inventory:

Hand Weapons
 a - a -1 falchion of flaming (weapon)
Armour
 b - a +0 robe (worn)
Scrolls
 d - a scroll of brand weapon {unknown}
 e - a scroll of amnesia {unknown}
 f - a scroll of enchant armour {unknown}
 g - a scroll of identify {unknown}
 h - 2 scrolls of teleportation {unknown}
Potions
 c - 2 potions of brilliance {unknown}
 i - a potion of heal wounds {unknown}
 j - a potion of attraction {unknown}


   Skills:
 + Level 6.5 Fighting
 + Level 1.0 Short Blades
 + Level 6.5 Long Blades
 + Level 1.0 Axes
 + Level 1.0 Maces & Flails
 + Level 1.0 Polearms
 + Level 1.0 Staves
 + Level 1.0 Slings
 + Level 1.0 Bows
 + Level 1.0 Crossbows
 + Level 1.0 Throwing
 + Level 1.0 Armour
 + Level 1.0 Dodging
 + Level 1.0 Stealth
 + Level 1.0 Shields
 + Level 1.0 Unarmed Combat
 + Level 2.9 Spellcasting
 + Level 0.7 Conjurations
 + Level 0.7 Hexes
 + Level 0.7 Summonings
 + Level 0.7 Necromancy
 + Level 0.7 Translocations
 + Level 0.7 Transmutations
 + Level 5.4 Fire Magic
 + Level 0.7 Ice Magic
 + Level 0.7 Air Magic
 + Level 0.7 Earth Magic
 + Level 0.7 Poison Magic
 + Level 1.0 Invocations
 + Level 1.0 Evocations


You had 5 spell levels left.
You knew the following spells:

 Your Spells              Type           Power      Damage    Failure   Level
a - Scorch                Fire           36%        2d7       3%          2

Your spell library contained the following spells:

 Spells                   Type           Power      Damage    Failure   Level


Dungeon Overview and Level Annotations

Branches:
Dungeon (4/15)
 Temple: D:4-7

Altars:


Innate Abilities, Weirdness & Mutations

You have very sharp teeth.
Your uncanny sense of smell can sniff out nearby items.
Your experience applies equally to all skills.


Message History

Found a dagger.
You now have 100 gold pieces (gained 11).
You see here a +0 quarterstaff.
Found a short sword.
h - 2 scrolls labelled SIOG OCYUTT (gained 1)
A goblin and a water moccasin come into view.
The goblin shouts!
The water moccasin hisses angrily.
Casting: Scorch (safe; 3% risk of failure)
Press: ? - help, Q - select action Dir - look around, f - activate Flames lash the water moccasin.
The water moccasin is lightly wounded.
The water moccasin's fire resistance burns away.
Casting: Scorch (safe; 3% risk of failure)
Press: ? - help, Q - select action Dir - look around, f - activate Flames lash the goblin.
The goblin is severely wounded.
The goblin's fire resistance burns away.
The water moccasin closely misses you. The water moccasin bites you!
Casting: Scorch (safe; 3% risk of failure)
Press: ? - help, Q - select action Dir - look around, f - activate You miscast Scorch.
You are very lightly contaminated with residual magic.
Nothing appears to happen.
The water moccasin is no longer more vulnerable to fire.
The water moccasin bites you.
The goblin is no longer more vulnerable to fire.
The water moccasin bites you. The water moccasin barely misses you.
Your magical contamination has completely faded away.
The water moccasin bites you!
You are lethally poisoned!
The water moccasin poisons you!
* * * LOW HITPOINT WARNING * * *
You feel very sick.
* * * LOW HITPOINT WARNING * * *
You feel very sick. The water moccasin closely misses you.
* * * LOW HITPOINT WARNING * * *
You feel sick.
You die...

.... ##..##
....# #...#
.....### ##...#
#...### #....#
###...####....#
####..#.....#
###.g....#
###.S..# ###.@#
##..# ##...#
##..# .## ∆#


You could see a water moccasin and a goblin.

Vanquished Creatures
  A hound skeleton (D:3)
  3 orcs (D:4)
  5 endoplasms
  A giant cockroach (D:1)
  5 goblins
  4 hobgoblins
  4 kobolds
  2 quokkas (D:1)
  2 ball pythons (D:1)
  A frilled lizard (D:1)
  4 rats
32 creatures vanquished.

Vanquished Creatures (others)
  A withered plant (D:2)
1 creature vanquished.

Grand Total: 33 creatures vanquished

Notes
Turn   | Place    | Note
-------+----------+-------------------------------------------
     0 | D:1      | brightshaft the Gnoll Cinder Acolyte began the quest for
                  | the Orb.
     0 | D:1      | Reached XP level 1. HP: 23/23 MP: 4/4
   382 | D:1      | Reached XP level 2. HP: 28/29 MP: 5/5
  1335 | D:2      | Reached XP level 3. HP: 35/35 MP: 7/7
  1338 | D:2      | Learned a level 2 spell: Scorch
  1599 | D:3      | Reached skill level 1 in Invocations
  1938 | D:3      | You fall into a shaft and drop 1 floor!
  1944 | D:4      | Reached skill level 1 in Short Blades
  1944 | D:4      | Reached skill level 1 in Axes
  1944 | D:4      | Reached skill level 1 in Maces & Flails
  1944 | D:4      | Reached skill level 1 in Polearms
  1944 | D:4      | Reached skill level 1 in Staves
  1944 | D:4      | Reached skill level 1 in Slings
  1944 | D:4      | Reached skill level 1 in Bows
  1944 | D:4      | Reached skill level 1 in Crossbows
  1944 | D:4      | Reached skill level 1 in Throwing
  1944 | D:4      | Reached skill level 1 in Armour
  1944 | D:4      | Reached skill level 1 in Dodging
  1944 | D:4      | Reached skill level 1 in Stealth
  1944 | D:4      | Reached skill level 1 in Shields
  1944 | D:4      | Reached skill level 1 in Unarmed Combat
  1944 | D:4      | Reached skill level 1 in Evocations
  2116 | D:4      | Noticed a water moccasin
  2130 | D:4      | HP: 1/35 [poisoned by a water moccasin]
  2131 | D:4      | Succumbed to a water moccasin's poison

Illustrated notes

Levels and vault maps discovered:
D:1:      mrwooster_arrival_statue, layout_basic
D:2:      layout_basic, ebering_ecumenical_altar_petrified,
          minmay_misc_feat_room, chequers_serial_rivers_marsh
D:3:      layout_basic
D:4:      layout_cave_pods, uniq_ijyb

Skill      XL: |  1  2  3 |
---------------+----------+-----
Invocations    | 1 |  1.0
Short Blades   | 1 |  1.0
Axes           | 1 |  1.0
Maces & Flails | 1 |  1.0
Polearms       | 1 |  1.0
Staves         | 1 |  1.0
Slings         | 1 |  1.0
Bows           | 1 |  1.0
Crossbows      | 1 |  1.0
Throwing       | 1 |  1.0
Armour         | 1 |  1.0
Dodging        | 1 |  1.0
Stealth        | 1 |  1.0
Shields        | 1 |  1.0
Unarmed Combat | 1 |  1.0
Evocations     | 1 |  1.0
Fighting       | |  6.5
Long Blades    | |  6.5
Spellcasting   | |  2.9
Conjurations   | |  0.7
Hexes          | |  0.7
Summonings     | |  0.7
Necromancy     | |  0.7
Translocations | |  0.7
Transmutations | |  0.7
Fire Magic     | |  5.4
Ice Magic      | |  0.7
Air Magic      | |  0.7
Earth Magic    | |  0.7
Poison Magic   | |  0.7

Action                   || total
-------------------------++-------
Melee: Falchion          ||    73
       Bite              ||     5
 Cast: Scorch            ||     7
 Stab: Sleeping          ||     1
Armor: Robe              ||    13
Dodge: Dodged            ||    40
